[Event "Navidad Barcelona IM1 2024"]
[Site "Barcelona"]
[Date "2024.12.28"]
[Round "5.3"]
[White "Sviridenko, Yaroslav"]
[Black "Garcia Ramos, Daniel"]
[Result "0-1"]
[ECO "B12"]
[WhiteElo "2120"]
[BlackElo "2445"]
[Annotator "RC"]
[PlyCount "70"]
[EventDate "2024.12.26"]
[EventCountry "ESP"]
[SourceTitle "playchess.com"]
[Source "ChessBase"]
[SourceQuality "1"]
[TimeControl "5400+30"]

1. e4 c6 2. d4 d5 3. e5 c5 4. dxc5 e6 5. c3 Bxc5 6. b4 Be7 7. Qg4 g6 8. Nf3 a5 9. b5 Qc7 10. Be2 Nd7 11. Qf4 f6 12. exf6 Qxf4 13. Bxf4 Bxf6 14. a4 Ne7 15. O-O O-O 16. Bg5 Bxg5 17. Nxg5 Nc5 18. Nd2 b6 19. Ngf3 Bb7 20. Ne5 Rad8 21. Ndf3 Rf4 22. c4 dxc4 23. Nxc4 Bxf3 24. gxf3 Nd5 25. Rfd1 Rdf8 26. Ra3 Rh4 27. Ne3 Rxa4 28. Rxa4 Nxa4 29. Nxd5 exd5 30. Rd3 Rd8 31. Rd4 Nc3 32. Bc4 Kg7 33. Rd3 Ne2+ 34. Kf1 Nf4 35. Rd4 Rc8 0-1

[Event "Navidad Barcelona IM1 2024"]
[Site "Barcelona"]
[Date "2024.12.28"]
[Round "5.4"]
[White "Alcala Gonzalez, Cesar"]
[Black "Martin Gonzalez, Angel"]
[Result "1-0"]
[ECO "D32"]
[WhiteElo "2257"]
[BlackElo "2197"]
[Annotator "RC"]
[PlyCount "91"]
[EventDate "2024.12.26"]
[EventCountry "ESP"]
[SourceTitle "playchess.com"]
[Source "ChessBase"]
[SourceQuality "1"]
[TimeControl "5400+30"]

1. d4 d5 2. c4 e6 3. Nc3 c5 4. cxd5 cxd4 5. Qa4+ Bd7 6. Qxd4 exd5 7. Qxd5 Nf6 8. Qd1 Bc5 9. Nf3 O-O 10. e3 Qe7 11. Be2 Rd8 12. O-O Nc6 13. Qb3 Be6 14. Qc2 Rac8 15. a3 Bg4 16. Rd1 Rxd1+ 17. Qxd1 Rd8 18. Qc2 Ne5 19. b4 Bb6 20. Bb2 Nxf3+ 21. gxf3 Bh3 22. Kh1 Bc7 23. Rd1 Rxd1+ 24. Qxd1 Qe5 25. f4 Qe6 26. Nb5 Bb6 27. Bxf6 Qxf6 28. Nd6 Qb2 29. Nc4 Qf6 30. Bf3 Bc8 31. Qd6 Bd8 32. Qxf6 Bxf6 33. Nd6 Be6 34. Nxb7 Bb2 35. a4 Ba3 36. b5 Bb3 37. a5 Kf8 38. b6 a6 39. Nd8 Bd6 40. Nc6 Ba4 41. Nd4 Bb4 42. b7 Bd6 43. Be2 Ke8 44. Bxa6 Kd8 45. Bb5 Bd1 46. Nc6+ 1-0

[Event "Navidad Barcelona IM1 2024"]
[Site "Barcelona"]
[Date "2024.12.28"]
[Round "5.5"]
[White "Uber Gracia, Hugo"]
[Black "Munoz, Miguel"]
[Result "1/2-1/2"]
[ECO "A30"]
[WhiteElo "2315"]
[BlackElo "2325"]
[Annotator "RC"]
[PlyCount "32"]
[EventDate "2024.12.26"]
[EventCountry "ESP"]
[SourceTitle "playchess.com"]
[Source "ChessBase"]
[SourceQuality "1"]
[TimeControl "5400+30"]

1. c4 c5 2. Nf3 Nc6 3. d4 Nf6 4. d5 Nb8 5. Nc3 d6 6. e4 e5 7. h3 Be7 8. Bd3 Nbd7 9. Be3 Nf8 10. Qd2 Ng6 11. Ne2 O-O 12. Ng3 Nxe4 13. Bxe4 f5 14. Bc2 f4 15. Bxg6 hxg6 16. Ne2 fxe3 1/2-1/2